Jets vs Red Wings
(R1)
Created - 27 novembre 2016 at 20:49
Goals
|
| Jets |
1 |
0 |
1 |
2 |
| Red Wings |
3 |
4 |
1 |
8 |
|
Shots
|
| Jets |
10 |
6 |
4 |
20 |
| Red Wings |
9 |
17 |
6 |
32 |
|
1st period
1. Red Wings , Steve Downie 2 (Rick Nash, Mike Richards) at 0:12
2. Jets , Michael Rupp 4 (Lee Stempniak) at 10:02
3. Red Wings , Mike Richards 9 (Rick Nash, Steve Downie) at 10:14
4. Red Wings , Tyler Johnson 2 (Sean Bergenheim, Phil Kessel) at 17:14
Penalties :
Kevin Klein (Win) for High sticking (Minor) at 4:05, Tyler Seguin (Win) for Cross-checking (Minor) at 11:18, Stephane Robidas (Det) for Hooking (Minor) at 14:18
2nd period
5. Red Wings , Stephane Robidas 2 (Steve Downie, Mike Richards) at 3:01
6. Red Wings , Rick Nash 12 (Steve Downie, Shea Weber) at 6:41
7. Red Wings , Ales Hemsky 2 (Stephane Robidas, Adam Henrique) at 7:51
8. Red Wings , Mike Richards 10 (Phil Kessel, Rick Nash) at 10:28 (PP)
Penalties :
Jussi Jokinen (Win) for Hooking (Minor) at 9:57
3rd period
9. Jets , Benoit Pouliot 8 (Marco Scandella) at 11:36
10. Red Wings , Mike Richards 11 (Shea Weber, Rick Nash) at 11:48
Penalties :
Lee Stempniak (Win) for High sticking (Minor) at 1:03, Brent Seabrook (Win) for Tripping (Minor) at 9:02, Dustin Brown (Win) for Holding (Minor) at 12:10, Mike Brown (Det) for Diving (Minor) at 17:52
Goalie Stats
Kari Lehtonen (Win), 10 saves from 14 shots - (0,714), L, 6-4-1, 23:01 minutes
Jacob Markstrom (Win), 14 saves from 18 shots - (0,778), 36:59 minutes
Michal Neuvirth (Det), 18 saves from 20 shots - (0,900), W, 6-5-2, 60:00 minutes
Players Stats for Jets
Player Name G A P +/- PIM S H SB GA TA FO MP PP MP PK MP
------------------------------------------------------------------------------------
Anton Volchenkov 0 0 0 -3 0 0 3 2 0 2 0/0 22:51 1:48 6:26
Benoit Pouliot 1 0 1 -4 0 2 1 0 0 1 0/1 18:10 2:05 1:28
Blake Wheeler 0 0 0 0 0 1 0 0 0 1 0/0 17:52 0:09 3:28
Brent Seabrook 0 0 0 -4 2 3 0 2 2 2 0/0 24:58 1:47 4:54
Derek Roy 0 0 0 -4 0 2 1 0 0 1 18/37 22:07 2:00 5:31
Dmitri Kalinin 0 0 0 -2 0 0 2 0 0 0 0/0 21:35 2:23 4:53
Dustin Brown 0 0 0 -4 2 3 1 0 1 0 0/0 19:57 2:05 2:43
Eric Fehr 0 0 0 0 0 1 0 0 0 0 1/1 7:53 0:04 0:00
Eric Gelinas 0 0 0 1 0 1 0 3 0 0 0/0 15:44 1:58 0:39
Fredrik Sjostrom 0 0 0 0 0 1 3 0 0 0 0/0 7:53 0:04 0:00
Jussi Jokinen 0 0 0 0 2 0 1 0 1 0 0/0 14:34 1:49 0:00
Kevin Klein 0 0 0 -2 2 0 0 3 0 0 0/0 14:45 0:00 0:33
Lee Stempniak 0 1 1 -1 2 1 1 0 0 0 0/0 10:00 0:00 0:00
Marco Scandella 0 1 1 0 0 1 1 1 1 2 0/0 20:19 0:00 3:27
Michael Rupp 1 0 1 -1 0 2 1 0 1 0 0/0 15:15 0:00 5:30
Mikko Koivu 0 0 0 0 0 1 3 0 0 0 8/13 15:29 1:49 0:39
Tyler Seguin 0 0 0 -1 2 0 3 0 0 0 0/3 13:06 1:49 1:33
Zack Hamill 0 0 0 0 0 1 0 0 0 0 1/2 7:00 0:00 0:00
Players Stats for Red Wings
Player Name G A P +/- PIM S H SB GA TA FO MP PP MP PK MP
------------------------------------------------------------------------------------
Adam Henrique 0 1 1 1 0 1 0 0 0 0 0/0 13:59 4:40 0:00
Ales Hemsky 1 0 1 1 0 4 2 0 0 0 1/1 9:47 0:02 0:00
Alex Picard 0 0 0 0 0 0 2 0 0 0 0/0 8:33 0:00 0:05
Chris Campoli 0 0 0 1 0 1 0 0 1 0 0/0 15:31 0:00 2:14
Filip Kuba 0 0 0 -1 0 0 2 0 0 1 0/0 20:00 3:43 1:44
Jonathan Sigalet 0 0 0 1 0 0 1 2 0 0 0/0 17:05 3:43 0:00
Maxim Kondratiev 0 0 0 -2 0 3 1 0 0 0 0/0 16:34 0:00 2:14
Mike Brown 0 0 0 0 2 1 2 0 1 0 1/1 7:51 0:00 0:01
Mike Richards 3 2 5 4 0 5 0 0 0 0 18/36 23:30 5:44 1:55
Nate Thompson 0 0 0 0 0 0 0 0 0 0 2/4 7:06 0:00 0:04
Phil Kessel 0 2 2 0 0 1 1 0 2 1 1/1 17:47 5:46 0:00
Rick Nash 1 4 5 4 0 2 2 1 1 0 0/0 23:30 5:44 1:55
Sean Bergenheim 0 1 1 0 0 2 1 0 1 0 0/0 16:49 4:40 0:00
Shea Weber 0 2 2 6 0 0 1 2 1 2 0/0 26:21 6:43 1:44
Stephane Robidas 1 1 2 5 2 2 4 0 2 2 0/0 25:17 6:43 0:00
Steve Downie 1 3 4 4 0 4 2 0 0 0 0/0 17:53 0:02 1:58
Tomas Plekanec 0 0 0 1 0 3 0 0 0 0 0/4 9:40 0:00 0:00
Tyler Johnson 1 0 1 0 0 3 3 0 0 0 6/10 18:47 4:40 1:58
3 Stars
1 - Mike Richards (Det)
2 - Rick Nash (Det)
3 - Steve Downie (Det)
Power Play
Jets - 0 on 2 Attempt(s) - 0,00%
Red Wings - 1 on 6 Attempt(s) - 16,67%
Penalty Kill
Jets - 5 on 6 Attempt(s) - 83,33%
- Score 0 goal in Penalty Kill
Red Wings - 2 on 2 Attempt(s) - 100,00%
- Score 0 goal in Penalty Kill
Team Stat
Jets - Hits : 21 - Faceoff Wins : 28 - Blocked Shots : 11 - Penalty Minutes : 12
Red Wings - Hits : 24 - Faceoff Wins : 29 - Blocked Shots : 5 - Penalty Minutes : 4
Official
Referees : VanMassenhoven Don and Charron Francis
Linesman : Lonnie Cameron and Scott Cherrey
Game Notes
Jacob Markstrom enters game at 3:01 of 2nd period
Mike Richards has scored a Hat Trick!
Finance
Level 1 -- Attendance: 5423 (90,38%) -- Ticket Income 406 725 $
Level 2 -- Attendance: 4481 (89,62%) -- Ticket Income 215 088 $
Level 3 -- Attendance: 2000 (100,00%) -- Ticket Income 56 000 $
Level 4 -- Attendance: 4000 (100,00%) -- Ticket Income 80 000 $
Luxury Box -- Attendance: 879 (87,90%) -- Ticket Income 136 245 $
Game was played at the Joe Louis Arena.
Total Attendance: 16783 (93,24%)
Total Ticket Income: 894 058 $
Other Income: 134 109 $
Total Income: 1 028 167 $
Jets
5 vs 5 Forward
Center Left Wing Right Wing Time % Phy DF OF
1 Derek Roy Benoit Pouliot Dustin Brown 35 1 2 2
2 Mikko Koivu Jussi Jokinen Blake Wheeler 30 1 2 2
3 Tyler Seguin Michael Rupp Lee Stempniak 20 1 2 2
4 Zack Hamill Fredrik Sjostrom Eric Fehr 15 3 1 1
5 vs 5 Defense
Defense Defense Time % Phy DF OF
1 Anton Volchenkov Brent Seabrook 30 1 2 2
2 Dmitri Kalinin Kevin Klein 30 1 2 2
3 Marco Scandella Eric Gelinas 25 1 2 2
4 Brent Seabrook Marco Scandella 15 1 2 2
PowerPlay Forward
Center Left Wing Right Wing Time % Phy DF OF
1 Derek Roy Benoit Pouliot Dustin Brown 60 1 0 4
2 Mikko Koivu Jussi Jokinen Tyler Seguin 40 1 0 4
PowerPlay Defense
Defense Defense Time % Phy DF OF
1 Dmitri Kalinin Brent Seabrook 60 0 1 4
2 Anton Volchenkov Eric Gelinas 40 0 1 4
Penalty Kill 4 Players Forward
Center Wing Time % Phy DF OF
1 Derek Roy Michael Rupp 60 0 5 0
2 Dustin Brown Blake Wheeler 40 0 5 0
Penalty Kill 4 Players Defense
Defense Defense Time % Phy DF OF
1 Anton Volchenkov Brent Seabrook 60 0 5 0
2 Dmitri Kalinin Marco Scandella 40 0 5 0
Penalty Kill - 3 Players Forward
Forward Time % Phy DF OF
1 Blake Wheeler 55 0 4 1
2 Dustin Brown 45 0 4 1
Penalty Kill - 3 Players Defense
Defense Defense Time % Phy DF OF
1 Anton Volchenkov Brent Seabrook 55 1 2 2
2 Dmitri Kalinin Marco Scandella 45 1 2 2
4 vs 4 Forward
Center Wing Time % Phy DF OF
1 Derek Roy Benoit Pouliot 60 1 1 3
2 Mikko Koivu Dustin Brown 40 1 1 3
4 vs 4 Defense
Defense Defense Time % Phy DF OF
1 Brent Seabrook Anton Volchenkov 60 0 3 2
2 Dmitri Kalinin Marco Scandella 40 0 3 2
Last Minutes Offensive
Center Left Wing Right Wing Defense Defense
Derek Roy Benoit Pouliot Dustin Brown Brent Seabrook Anton Volchenkov
Last Minutes Defensive
Center Left Wing Right Wing Defense Defense
Derek Roy Michael Rupp Blake Wheeler Brent Seabrook Anton Volchenkov
Goaltenders
Starting : Kari Lehtonen
Backup : Jacob Markstrom
Extra Forwards
Normal : Derek Roy, Dustin Brown, Benoit Pouliot - PP : Blake Wheeler, Derek Roy - PK : Derek Roy
Extra Defensemen
Normal : Dmitri Kalinin, Brent Seabrook, Anton Volchenkov - PP : Anton Volchenkov - PK : Dmitri Kalinin, Anton Volchenkov
Penalty Shots
Benoit Pouliot, Derek Roy, Blake Wheeler, Dustin Brown, Mikko Koivu
Red Wings
5 vs 5 Forward
Center Left Wing Right Wing Time % Phy DF OF
1 Mike Richards Rick Nash Steve Downie 40 0 2 3
2 Tyler Johnson Sean Bergenheim Phil Kessel 30 0 2 3
3 Tomas Plekanec Adam Henrique Ales Hemsky 20 1 2 2
4 Nate Thompson Alex Picard Mike Brown 10 1 2 2
5 vs 5 Defense
Defense Defense Time % Phy DF OF
1 Shea Weber Stephane Robidas 40 0 3 2
2 Filip Kuba Maxim Kondratiev 30 1 3 1
3 Chris Campoli Jonathan Sigalet 20 1 3 1
4 Chris Campoli Jonathan Sigalet 10 1 3 1
PowerPlay Forward
Center Left Wing Right Wing Time % Phy DF OF
1 Mike Richards Rick Nash Phil Kessel 60 0 1 4
2 Tyler Johnson Adam Henrique Sean Bergenheim 40 0 1 4
PowerPlay Defense
Defense Defense Time % Phy DF OF
1 Shea Weber Stephane Robidas 60 0 2 3
2 Filip Kuba Jonathan Sigalet 40 0 2 3
Penalty Kill 4 Players Forward
Center Wing Time % Phy DF OF
1 Tyler Johnson Steve Downie 50 1 2 2
2 Mike Richards Rick Nash 50 1 2 2
Penalty Kill 4 Players Defense
Defense Defense Time % Phy DF OF
1 Maxim Kondratiev Chris Campoli 60 1 2 2
2 Shea Weber Filip Kuba 40 1 2 2
Penalty Kill - 3 Players Forward
Forward Time % Phy DF OF
1 Tyler Johnson 60 1 2 2
2 Steve Downie 40 1 2 2
Penalty Kill - 3 Players Defense
Defense Defense Time % Phy DF OF
1 Maxim Kondratiev Chris Campoli 60 1 2 2
2 Shea Weber Filip Kuba 40 1 2 2
4 vs 4 Forward
Center Wing Time % Phy DF OF
1 Mike Richards Rick Nash 60 1 2 2
2 Tyler Johnson Sean Bergenheim 40 1 2 2
4 vs 4 Defense
Defense Defense Time % Phy DF OF
1 Shea Weber Filip Kuba 50 1 2 2
2 Stephane Robidas Jonathan Sigalet 50 1 2 2
Last Minutes Offensive
Center Left Wing Right Wing Defense Defense
Mike Richards Rick Nash Phil Kessel Shea Weber Filip Kuba
Last Minutes Defensive
Center Left Wing Right Wing Defense Defense
Tyler Johnson Rick Nash Steve Downie Shea Weber Maxim Kondratiev
Goaltenders
Starting : Michal Neuvirth
Backup : Mike McKenna
Extra Forwards
Normal : Rick Nash, Sean Bergenheim, Adam Henrique - PP : Steve Downie, Ales Hemsky - PK : Mike Brown
Extra Defensemen
Normal : Shea Weber, Filip Kuba, Jonathan Sigalet - PP : Chris Campoli - PK : Jonathan Sigalet, Stephane Robidas
Penalty Shots
Rick Nash, Mike Richards, Steve Downie, Shea Weber, Phil Kessel
% Time on Ice - Jets
Lines # - Real PCT - Wanted PCT - Time Play
Normal Forward
1 - 34% - 35% - 15:36
2 - 29% - 30% - 13:25
3 - 21% - 20% - 9:35
4 - 15% - 15% - 7:00
Normal Defense
1 - 30% - 30% - 13:40
2 - 33% - 30% - 15:04
3 - 26% - 25% - 11:44
4 - 11% - 15% - 5:08
PP Forward
1 - 54% - 60% - 2:09
2 - 46% - 40% - 1:49
PP Defense
1 - 50% - 60% - 2:00
2 - 50% - 40% - 1:58
PK Forward
1 - 67% - 60% - 6:58
2 - 33% - 40% - 3:28
PK Defense
1 - 67% - 60% - 6:59
2 - 33% - 40% - 3:27
PK3 Forward
1 - 0% - 55%
2 - 0% - 45%
PK3 Defense
1 - 0% - 55%
2 - 0% - 45%
44 Forward
1 - 0% - 60%
2 - 0% - 40%
44 Defense
1 - 0% - 60%
2 - 0% - 40%
Last Minute Offensive - 0:00
Last Minute Defensive - 0:00
Total
Forward - 60:00
Defense - 60:00
|
% Time on Ice - Red Wings
Lines # - Real PCT - Wanted PCT - Time Play
Normal Forward
1 - 37% - 40% - 16:47
2 - 27% - 30% - 12:09
3 - 21% - 20% - 9:40
4 - 15% - 10% - 7:00
Normal Defense
1 - 41% - 40% - 18:45
2 - 31% - 30% - 14:01
3 - 21% - 20% - 9:21
4 - 8% - 10% - 3:29
PP Forward
1 - 55% - 60% - 5:46
2 - 45% - 40% - 4:40
PP Defense
1 - 64% - 60% - 6:43
2 - 36% - 40% - 3:43
PK Forward
1 - 52% - 50% - 2:03
2 - 48% - 50% - 1:55
PK Defense
1 - 56% - 60% - 2:14
2 - 44% - 40% - 1:44
PK3 Forward
1 - 0% - 60%
2 - 0% - 40%
PK3 Defense
1 - 0% - 60%
2 - 0% - 40%
44 Forward
1 - 0% - 60%
2 - 0% - 40%
44 Defense
1 - 0% - 50%
2 - 0% - 50%
Last Minute Offensive - 0:00
Last Minute Defensive - 0:00
Total
Forward - 60:00
Defense - 60:00
|
Play by Play
1st period
0:01 of 1st period - Mike Richards wins face-off versus Derek Roy in neutral zone.
0:10 of 1st period - Wrist shot by Steve Downie.
0:10 of 1st period - Shot Blocked by Anton Volchenkov.
0:12 of 1st period - Wrist shot by Steve Downie.
0:12 of 1st period - Goal by Steve Downie - Jets : 0 - Red Wings : 1.
0:13 of 1st period - Mikko Koivu wins face-off versus Tyler Johnson in neutral zone.
1:04 of 1st period - Eric Fehr is hit by Steve Downie and loses puck.
1:09 of 1st period - Wrist shot by Rick Nash.
1:09 of 1st period - Shot Blocked by Eric Gelinas.
2:20 of 1st period - Snap shot by Sean Bergenheim.
2:20 of 1st period - Deflect By Phil Kessel.
2:20 of 1st period - Shot Blocked by Kevin Klein.
2:20 of 1st period - Puck is out of play.
2:21 of 1st period - Derek Roy wins face-off versus Mike Richards in Jets zone.
2:47 of 1st period - Adam Henrique is hit by Mikko Koivu and loses puck.
4:05 of 1st period - Minor Penalty to Kevin Klein for High sticking.
4:06 of 1st period - Phil Kessel wins face-off versus Derek Roy in Jets zone.
4:44 of 1st period - Slapshot by Blake Wheeler.
4:44 of 1st period - Stopped by Michal Neuvirth with a rebound.
4:46 of 1st period - Slapshot by Anton Volchenkov.
4:46 of 1st period - Deflect By Dustin Brown.
4:46 of 1st period - Stopped by Michal Neuvirth without a rebound.
4:47 of 1st period - Mike Richards wins face-off versus Derek Roy in Red Wings zone.
4:52 of 1st period - Michael Rupp is hit by Rick Nash and loses puck.
5:57 of 1st period - Tyler Johnson is hit by Anton Volchenkov and loses puck.
6:05 of 1st period - Penalty to Kevin Klein is over, Kevin Klein is back on ice.
6:16 of 1st period - Wrist shot by Fredrik Sjostrom.
6:16 of 1st period - Stopped by Michal Neuvirth with a rebound.
6:53 of 1st period - Mike Richards is hit by Michael Rupp and loses puck.
7:28 of 1st period - Mike Brown is hit by Marco Scandella and loses puck.
7:45 of 1st period - Snap shot by Tomas Plekanec.
7:45 of 1st period - Stopped by Kari Lehtonen without a rebound.
7:46 of 1st period - Ales Hemsky wins face-off versus Mikko Koivu in Jets zone.
8:16 of 1st period - Dustin Brown is hit by Jonathan Sigalet and loses puck.
8:33 of 1st period - Shea Weber is hit by Lee Stempniak and loses puck.
8:42 of 1st period - Snap shot by Lee Stempniak.
8:42 of 1st period - Shot Misses the Net.
8:44 of 1st period - Slapshot by Brent Seabrook.
8:44 of 1st period - Stopped by Michal Neuvirth with a rebound.
8:54 of 1st period - Eric Fehr is hit by Alex Picard.
9:04 of 1st period - Mike Brown is hit by Fredrik Sjostrom and loses puck.
9:46 of 1st period - Slapshot by Brent Seabrook.
9:46 of 1st period - Stopped by Michal Neuvirth with a rebound.
10:02 of 1st period - Wrist shot by Lee Stempniak.
10:02 of 1st period - Deflect By Michael Rupp.
10:02 of 1st period - Goal by Michael Rupp - Jets : 1 - Red Wings : 1.
10:03 of 1st period - Mike Richards wins face-off versus Derek Roy in neutral zone.
10:12 of 1st period - Wrist shot by Rick Nash.
10:12 of 1st period - Stopped by Kari Lehtonen with a rebound.
10:14 of 1st period - Snap shot by Mike Richards.
10:14 of 1st period - Goal by Mike Richards - Jets : 1 - Red Wings : 2.
10:15 of 1st period - Mike Richards wins face-off versus Derek Roy in neutral zone.
10:50 of 1st period - Snap shot by Phil Kessel.
10:50 of 1st period - Stopped by Kari Lehtonen with a rebound.
10:52 of 1st period - Slapshot by Chris Campoli.
10:52 of 1st period - Shot Blocked by Brent Seabrook.
11:18 of 1st period - Minor Penalty to Tyler Seguin for Cross-checking.
11:19 of 1st period - Mike Richards wins face-off versus Derek Roy in Jets zone.
12:26 of 1st period - Sean Bergenheim is hit by Anton Volchenkov and loses puck.
13:00 of 1st period - Shea Weber is hit by Anton Volchenkov.
13:18 of 1st period - Penalty to Tyler Seguin is over, Tyler Seguin is back on ice.
13:22 of 1st period - Michael Rupp is hit by Tyler Johnson and loses puck.
13:36 of 1st period - Slapshot by Brent Seabrook.
13:36 of 1st period - Stopped by Michal Neuvirth with a rebound.
14:16 of 1st period - Wrist shot by Benoit Pouliot.
14:16 of 1st period - Shot Misses the Net.
14:18 of 1st period - Minor Penalty to Stephane Robidas for Hooking.
14:19 of 1st period - Tyler Johnson wins face-off versus Derek Roy in Red Wings zone.
14:28 of 1st period - Tyler Johnson is hit by Derek Roy and loses puck.
14:45 of 1st period - Steve Downie is hit by Tyler Seguin and loses puck.
14:50 of 1st period - Slapshot by Brent Seabrook.
14:50 of 1st period - Shot Misses the Net.
15:18 of 1st period - Mike Richards is hit by Dmitri Kalinin and loses puck.
16:18 of 1st period - Penalty to Stephane Robidas is over, Stephane Robidas is back on ice.
16:22 of 1st period - Wrist shot by Stephane Robidas.
16:22 of 1st period - Stopped by Kari Lehtonen with a rebound.
16:24 of 1st period - Wrist shot by Maxim Kondratiev.
16:24 of 1st period - Stopped by Kari Lehtonen with a rebound.
16:28 of 1st period - Wrist shot by Stephane Robidas.
16:28 of 1st period - Shot Misses the Net.
16:30 of 1st period - Slapshot by Chris Campoli.
16:30 of 1st period - Shot Misses the Net.
16:32 of 1st period - Slapshot by Maxim Kondratiev.
16:32 of 1st period - Stopped by Kari Lehtonen with a rebound.
17:06 of 1st period - Wrist shot by Alex Picard.
17:06 of 1st period - Deflect By Stephane Robidas.
17:06 of 1st period - Shot Misses the Net.
17:06 of 1st period - Puck is out of play.
17:07 of 1st period - Tyler Johnson wins face-off versus Tyler Seguin in Jets zone.
17:14 of 1st period - Snap shot by Tyler Johnson.
17:14 of 1st period - Goal by Tyler Johnson - Jets : 1 - Red Wings : 3.
17:15 of 1st period - Mike Richards wins face-off versus Derek Roy in neutral zone.
17:31 of 1st period - Off-side.
17:32 of 1st period - Tyler Johnson wins face-off versus Mikko Koivu in neutral zone.
17:35 of 1st period - Eric Gelinas is hit by Stephane Robidas and loses puck.
18:00 of 1st period - Icing by Marco Scandella.
18:01 of 1st period - Mike Richards wins face-off versus Derek Roy in Jets zone.
18:48 of 1st period - Snap shot by Mikko Koivu.
18:48 of 1st period - Shot Blocked by Shea Weber.
18:50 of 1st period - Slapshot by Michael Rupp.
18:50 of 1st period - Stopped by Michal Neuvirth with a rebound.
19:39 of 1st period - Snap shot by Dustin Brown.
19:39 of 1st period - Stopped by Michal Neuvirth with a rebound.
19:41 of 1st period - Slapshot by Benoit Pouliot.
19:41 of 1st period - Shot Misses the Net.
19:43 of 1st period - Slapshot by Eric Gelinas.
19:43 of 1st period - Stopped by Michal Neuvirth with a rebound.
Goals for this period are 1 for Jets vs 3 for Red Wings.
Shots for this period are 10 for Jets vs 9 for Red Wings.
2nd period
0:01 of 2nd period - Mike Richards wins face-off versus Mikko Koivu in neutral zone.
0:56 of 2nd period - Slapshot by Mike Brown.
0:56 of 2nd period - Stopped by Kari Lehtonen with a rebound.
0:58 of 2nd period - Snap shot by Nate Thompson.
0:58 of 2nd period - Deflect By Mike Brown.
0:58 of 2nd period - Shot Misses the Net.
0:58 of 2nd period - Puck is out of play.
0:59 of 2nd period - Mikko Koivu wins face-off versus Mike Richards in Jets zone.
1:24 of 2nd period - Wrist shot by Ales Hemsky.
1:24 of 2nd period - Stopped by Kari Lehtonen without a rebound.
1:25 of 2nd period - Derek Roy wins face-off versus Tomas Plekanec in Jets zone.
1:50 of 2nd period - Shea Weber is hit by Tyler Seguin and loses puck.
2:29 of 2nd period - Off-side.
2:30 of 2nd period - Zack Hamill wins face-off versus Nate Thompson in neutral zone.
2:32 of 2nd period - Off-side.
2:33 of 2nd period - Eric Fehr wins face-off versus Nate Thompson in neutral zone.
2:35 of 2nd period - Off-side.
2:36 of 2nd period - Derek Roy wins face-off versus Mike Richards in neutral zone.
2:45 of 2nd period - Snap shot by Benoit Pouliot.
2:45 of 2nd period - Deflect By Dustin Brown.
2:45 of 2nd period - Shot Misses the Net.
2:45 of 2nd period - Puck is out of play.
2:46 of 2nd period - Mike Richards wins face-off versus Derek Roy in Red Wings zone.
2:55 of 2nd period - Wrist shot by Mike Richards.
2:55 of 2nd period - Stopped by Kari Lehtonen with a rebound.
2:57 of 2nd period - Slapshot by Stephane Robidas.
2:57 of 2nd period - Shot Misses the Net.
2:59 of 2nd period - Wrist shot by Steve Downie.
2:59 of 2nd period - Stopped by Kari Lehtonen with a rebound.
3:01 of 2nd period - Slapshot by Stephane Robidas.
3:01 of 2nd period - Goal by Stephane Robidas - Jets : 1 - Red Wings : 4.
3:01 of 2nd period - Jacob Markstrom enters game.
3:02 of 2nd period - Mikko Koivu wins face-off versus Mike Richards in neutral zone.
3:13 of 2nd period - Wrist shot by Jussi Jokinen.
3:13 of 2nd period - Shot Misses the Net.
3:27 of 2nd period - Sean Bergenheim is hit by Benoit Pouliot and loses puck.
3:32 of 2nd period - Snap shot by Derek Roy.
3:32 of 2nd period - Shot Misses the Net.
3:54 of 2nd period - Snap shot by Ales Hemsky.
3:54 of 2nd period - Stopped by Jacob Markstrom with a rebound.
3:56 of 2nd period - Snap shot by Tomas Plekanec.
3:56 of 2nd period - Stopped by Jacob Markstrom without a rebound.
3:57 of 2nd period - Mikko Koivu wins face-off versus Tomas Plekanec in Jets zone.
4:04 of 2nd period - Marco Scandella is hit by Stephane Robidas and loses puck.
4:09 of 2nd period - Slapshot by Ales Hemsky.
4:09 of 2nd period - Shot Blocked by Marco Scandella.
4:15 of 2nd period - Snap shot by Adam Henrique.
4:15 of 2nd period - Shot Blocked by Eric Gelinas.
4:25 of 2nd period - Wrist shot by Ales Hemsky.
4:25 of 2nd period - Shot Misses the Net.
4:37 of 2nd period - Backhand shot by Ales Hemsky.
4:37 of 2nd period - Stopped by Jacob Markstrom without a rebound.
4:38 of 2nd period - Derek Roy wins face-off versus Mike Richards in Jets zone.
4:42 of 2nd period - Icing by Anton Volchenkov.
4:43 of 2nd period - Mike Richards wins face-off versus Derek Roy in Jets zone.
4:55 of 2nd period - Icing by Anton Volchenkov.
4:56 of 2nd period - Derek Roy wins face-off versus Mike Richards in Jets zone.
5:04 of 2nd period - Off-side.
5:05 of 2nd period - Mike Richards wins face-off versus Derek Roy in neutral zone.
5:34 of 2nd period - Wrist shot by Lee Stempniak.
5:34 of 2nd period - Stopped by Michal Neuvirth with a rebound.
5:39 of 2nd period - Off-side.
5:40 of 2nd period - Mikko Koivu wins face-off versus Tyler Johnson in neutral zone.
6:31 of 2nd period - Snap shot by Dustin Brown.
6:31 of 2nd period - Deflect By Derek Roy.
6:31 of 2nd period - Stopped by Michal Neuvirth without a rebound.
6:32 of 2nd period - Derek Roy wins face-off versus Tomas Plekanec in Red Wings zone.
6:35 of 2nd period - Snap shot by Benoit Pouliot.
6:35 of 2nd period - Stopped by Michal Neuvirth without a rebound.
6:36 of 2nd period - Derek Roy wins face-off versus Mike Richards in Red Wings zone.
6:41 of 2nd period - Wrist shot by Rick Nash.
6:41 of 2nd period - Goal by Rick Nash - Jets : 1 - Red Wings : 5.
6:42 of 2nd period - Mikko Koivu wins face-off versus Mike Richards in neutral zone.
6:55 of 2nd period - Icing by Shea Weber.
6:56 of 2nd period - Mike Richards wins face-off versus Derek Roy in Red Wings zone.
7:35 of 2nd period - Wrist shot by Mikko Koivu.
7:35 of 2nd period - Stopped by Michal Neuvirth with a rebound.
7:47 of 2nd period - Snap shot by Adam Henrique.
7:47 of 2nd period - Stopped by Jacob Markstrom with a rebound.
7:49 of 2nd period - Slapshot by Stephane Robidas.
7:49 of 2nd period - Shot Blocked by Kevin Klein.
7:51 of 2nd period - Snap shot by Ales Hemsky.
7:51 of 2nd period - Goal by Ales Hemsky - Jets : 1 - Red Wings : 6.
7:52 of 2nd period - Derek Roy wins face-off versus Mike Richards in neutral zone.
9:22 of 2nd period - Slapshot by Chris Campoli.
9:22 of 2nd period - Stopped by Jacob Markstrom with a rebound.
9:24 of 2nd period - Snap shot by Steve Downie.
9:24 of 2nd period - Stopped by Jacob Markstrom with a rebound.
9:40 of 2nd period - Stephane Robidas is hit by Jussi Jokinen and loses puck.
9:57 of 2nd period - Minor Penalty to Jussi Jokinen for Hooking.
9:58 of 2nd period - Derek Roy wins face-off versus Mike Richards in Jets zone.
10:10 of 2nd period - Off-side.
10:11 of 2nd period - Mike Richards wins face-off versus Derek Roy in neutral zone.
10:26 of 2nd period - Snap shot by Phil Kessel.
10:26 of 2nd period - Shot Hit the Post.
10:28 of 2nd period - Wrist shot by Mike Richards.
10:28 of 2nd period - Goal by Mike Richards - Jets : 1 - Red Wings : 7.
10:29 of 2nd period - Derek Roy wins face-off versus Mike Richards in neutral zone.
10:38 of 2nd period - Snap shot by Dustin Brown.
10:38 of 2nd period - Stopped by Michal Neuvirth with a rebound.
10:40 of 2nd period - Snap shot by Benoit Pouliot.
10:40 of 2nd period - Shot Misses the Net.
11:41 of 2nd period - Wrist shot by Eric Fehr.
11:41 of 2nd period - Shot Blocked by Rick Nash.
12:31 of 2nd period - Snap shot by Michael Rupp.
12:31 of 2nd period - Deflect By Lee Stempniak.
12:31 of 2nd period - Shot Misses the Net.
12:31 of 2nd period - Puck is out of play.
12:32 of 2nd period - Tyler Johnson wins face-off versus Mikko Koivu in Red Wings zone.
12:41 of 2nd period - Blake Wheeler is hit by Filip Kuba and loses puck.
13:48 of 2nd period - Wrist shot by Tyler Johnson.
13:48 of 2nd period - Stopped by Jacob Markstrom without a rebound.
13:49 of 2nd period - Tyler Johnson wins face-off versus Benoit Pouliot in Jets zone.
14:11 of 2nd period - Wrist shot by Sean Bergenheim.
14:11 of 2nd period - Stopped by Jacob Markstrom without a rebound.
14:12 of 2nd period - Mikko Koivu wins face-off versus Mike Richards in Jets zone.
14:17 of 2nd period - Rick Nash is hit by Mikko Koivu and loses puck.
14:28 of 2nd period - Snap shot by Rick Nash.
14:28 of 2nd period - Shot Blocked by Kevin Klein.
14:44 of 2nd period - Wrist shot by Tomas Plekanec.
14:44 of 2nd period - Stopped by Jacob Markstrom without a rebound.
14:45 of 2nd period - Derek Roy wins face-off versus Tyler Johnson in Jets zone.
15:39 of 2nd period - Dmitri Kalinin is hit by Shea Weber and loses puck.
16:04 of 2nd period - Nate Thompson is hit by Tyler Seguin and loses puck.
16:37 of 2nd period - Wrist shot by Eric Fehr.
16:37 of 2nd period - Shot Blocked by Shea Weber.
16:43 of 2nd period - Fredrik Sjostrom is hit by Steve Downie and loses puck.
17:00 of 2nd period - Slapshot by Tomas Plekanec.
17:00 of 2nd period - Shot Blocked by Eric Gelinas.
17:10 of 2nd period - Wrist shot by Mikko Koivu.
17:10 of 2nd period - Shot Misses the Net.
17:12 of 2nd period - Snap shot by Marco Scandella.
17:12 of 2nd period - Stopped by Michal Neuvirth without a rebound.
17:13 of 2nd period - Derek Roy wins face-off versus Mike Richards in Red Wings zone.
17:14 of 2nd period - Wrist shot by Benoit Pouliot.
17:14 of 2nd period - Shot Misses the Net.
17:40 of 2nd period - Dmitri Kalinin is hit by Filip Kuba and loses puck.
18:22 of 2nd period - Brent Seabrook is hit by Rick Nash and loses puck.
18:51 of 2nd period - Benoit Pouliot is hit by Mike Brown and loses puck.
19:02 of 2nd period - Fredrik Sjostrom is hit by Stephane Robidas and loses puck.
19:12 of 2nd period - Kevin Klein is hit by Sean Bergenheim and loses puck.
Goals for this period are 0 for Jets vs 4 for Red Wings.
Shots for this period are 6 for Jets vs 17 for Red Wings.
3rd period
0:01 of 3rd period - Mike Richards wins face-off versus Derek Roy in neutral zone.
0:26 of 3rd period - Mikko Koivu is hit by Tyler Johnson and loses puck.
0:54 of 3rd period - Wrist shot by Nate Thompson.
0:54 of 3rd period - Deflect By Alex Picard.
0:54 of 3rd period - Shot Misses the Net.
0:54 of 3rd period - Puck is out of play.
0:55 of 3rd period - Mike Brown wins face-off versus Tyler Seguin in Jets zone.
1:03 of 3rd period - Minor Penalty to Lee Stempniak for High sticking.
1:04 of 3rd period - Derek Roy wins face-off versus Mike Richards in Jets zone.
3:03 of 3rd period - Penalty to Lee Stempniak is over, Lee Stempniak is back on ice.
4:02 of 3rd period - Slapshot by Marco Scandella.
4:02 of 3rd period - Shot Blocked by Jonathan Sigalet.
4:04 of 3rd period - Slapshot by Marco Scandella.
4:04 of 3rd period - Shot Misses the Net.
4:14 of 3rd period - Eric Gelinas is hit by Mike Brown and loses puck.
5:24 of 3rd period - Icing by Stephane Robidas.
5:25 of 3rd period - Nate Thompson wins face-off versus Derek Roy in Red Wings zone.
5:25 of 3rd period - Nate Thompson is hit by Dmitri Kalinin.
5:35 of 3rd period - Stephane Robidas is hit by Dustin Brown and loses puck.
6:36 of 3rd period - Slapshot by Maxim Kondratiev.
6:36 of 3rd period - Stopped by Jacob Markstrom without a rebound.
6:37 of 3rd period - Derek Roy wins face-off versus Mike Richards in Jets zone.
6:50 of 3rd period - Wrist shot by Derek Roy.
6:50 of 3rd period - Stopped by Michal Neuvirth with a rebound.
6:52 of 3rd period - Slapshot by Anton Volchenkov.
6:52 of 3rd period - Deflect By Dustin Brown.
6:52 of 3rd period - Shot Blocked by Jonathan Sigalet.
6:52 of 3rd period - Puck is out of play.
6:53 of 3rd period - Tyler Johnson wins face-off versus Mikko Koivu in Red Wings zone.
7:08 of 3rd period - Slapshot by Mikko Koivu.
7:08 of 3rd period - Shot Misses the Net.
7:26 of 3rd period - Off-side.
7:27 of 3rd period - Mike Richards wins face-off versus Tyler Seguin in neutral zone.
8:06 of 3rd period - Snap shot by Rick Nash.
8:06 of 3rd period - Shot Misses the Net.
8:34 of 3rd period - Snap shot by Rick Nash.
8:34 of 3rd period - Deflect By Mike Richards.
8:34 of 3rd period - Stopped by Jacob Markstrom without a rebound.
8:35 of 3rd period - Derek Roy wins face-off versus Tyler Johnson in Jets zone.
8:42 of 3rd period - Wrist shot by Brent Seabrook.
8:42 of 3rd period - Shot Misses the Net.
8:52 of 3rd period - Wrist shot by Tyler Johnson.
8:52 of 3rd period - Deflect By Sean Bergenheim.
8:52 of 3rd period - Stopped by Jacob Markstrom without a rebound.
8:53 of 3rd period - Mikko Koivu wins face-off versus Tomas Plekanec in Jets zone.
8:53 of 3rd period - Mikko Koivu is hit by Ales Hemsky.
9:02 of 3rd period - Minor Penalty to Brent Seabrook for Tripping.
9:03 of 3rd period - Derek Roy wins face-off versus Mike Richards in Jets zone.
9:36 of 3rd period - Snap shot by Tyler Johnson.
9:36 of 3rd period - Stopped by Jacob Markstrom with a rebound.
10:38 of 3rd period - Anton Volchenkov is hit by Tyler Johnson and loses puck.
11:02 of 3rd period - Penalty to Brent Seabrook is over, Brent Seabrook is back on ice.
11:03 of 3rd period - Slapshot by Phil Kessel.
11:03 of 3rd period - Shot Misses the Net.
11:13 of 3rd period - Slapshot by Zack Hamill.
11:13 of 3rd period - Stopped by Michal Neuvirth without a rebound.
11:14 of 3rd period - Nate Thompson wins face-off versus Zack Hamill in Red Wings zone.
11:14 of 3rd period - Nate Thompson is hit by Fredrik Sjostrom.
11:26 of 3rd period - Wrist shot by Eric Fehr.
11:26 of 3rd period - Stopped by Michal Neuvirth without a rebound.
11:27 of 3rd period - Mike Richards wins face-off versus Derek Roy in Red Wings zone.
11:36 of 3rd period - Snap shot by Benoit Pouliot.
11:36 of 3rd period - Goal by Benoit Pouliot - Jets : 2 - Red Wings : 7.
11:37 of 3rd period - Mike Richards wins face-off versus Derek Roy in neutral zone.
11:44 of 3rd period - Slapshot by Mike Richards.
11:44 of 3rd period - Shot Blocked by Anton Volchenkov.
11:46 of 3rd period - Snap shot by Shea Weber.
11:46 of 3rd period - Shot Blocked by Brent Seabrook.
11:48 of 3rd period - Snap shot by Mike Richards.
11:48 of 3rd period - Goal by Mike Richards - Jets : 2 - Red Wings : 8.
11:49 of 3rd period - Mike Richards wins face-off versus Derek Roy in neutral zone.
11:58 of 3rd period - Snap shot by Steve Downie.
11:58 of 3rd period - Stopped by Jacob Markstrom with a rebound.
12:10 of 3rd period - Minor Penalty to Dustin Brown for Holding.
12:11 of 3rd period - Derek Roy wins face-off versus Mike Richards in Jets zone.
12:38 of 3rd period - Michael Rupp is hit by Stephane Robidas and loses puck.
14:10 of 3rd period - Penalty to Dustin Brown is over, Dustin Brown is back on ice.
14:22 of 3rd period - Eric Gelinas is hit by Alex Picard and loses puck.
14:47 of 3rd period - Stephane Robidas is hit by Mikko Koivu and loses puck.
16:26 of 3rd period - Lee Stempniak is hit by Phil Kessel and loses puck.
16:37 of 3rd period - Michael Rupp is hit by Ales Hemsky and loses puck.
17:27 of 3rd period - Shea Weber is hit by Fredrik Sjostrom and loses puck.
17:52 of 3rd period - Minor Penalty to Mike Brown for Diving.
17:53 of 3rd period - Derek Roy wins face-off versus Mike Richards in Red Wings zone.
18:17 of 3rd period - Jussi Jokinen is hit by Maxim Kondratiev and loses puck.
19:52 of 3rd period - Penalty to Mike Brown is over, Mike Brown is back on ice.
Goals for this period are 1 for Jets vs 1 for Red Wings.
Shots for this period are 4 for Jets vs 6 for Red Wings.
Back to the Top